 Dungeon Crawl Stone Soup version 0.31-a0-460-g9e667d4245 (webtiles) character file.

Game seed: 14339282669473348650

44 testman the Changeling (level 3, -1/27 HPs)
             Began as a Demonspawn Shapeshifter on Aug 4, 2023.
             Was a Believer of Qazlal.
             Slain by Sigmund
             ... wielding a +0 scythe
              (10 damage)
             ... on level 2 of the Dungeon.
             The game lasted 00:03:23 (970 turns).

testman the Changeling (Demonspawn Shapeshifter)     Turns: 970, Time: 00:03:24

Health: -1/27      AC:  4    Str: 17    XL:     3   Next: 41%
Magic:  4/4        EV: 12    Int:  9    God:    Qazlal [**....]
Gold:   46         SH:  2    Dex: 13    Spells: 2/2 levels left

rFire   . .          .
                       - Unarmed
rCold   + . .        (no shield)
rNeg    . . .        a - +0 animal skin
rPois   .            (helmet currently unavailable)
rElec   .            (cloak currently unavailable)
rCorr   .            (gloves currently unavailable)
SInv    .            (boots currently unavailable)
Will    .....        (no amulet)
Stlth   +            e - ring of protection from cold
HPRegen 0.24/turn    (no ring)
MPRegen 0.09/turn

%: no passive effects
@: beast-form
A: beast (slay +2), molten scales 1, demonic magic 1
a: Begin Untransformation, Renounce Religion, Upheaval


You were on level 2 of the Dungeon.
You worshipped Qazlal.
Qazlal was pleased with you.
You were a hulking beast.
You visited 1 branch of the dungeon, and saw 2 of its levels.

You collected 46 gold pieces.

Inventory:

Missiles
 h - 5 darts of dispersal
Armour
 a - a +0 animal skin (worn)
 f - a +0 pair of boots
 i - a +0 helmet
Jewellery
 e - a ring of protection from cold (left hand)
Talismans
 c - a beast talisman (active)
Potions
 b - a potion of lignification
 g - a potion of curing {unknown}


   Skills:
 + Level 2.1 Fighting
 - Level 2.0 Dodging
 - Level 2.6 Unarmed Combat
 + Level 1.8 Invocations
 + Level 3.0 Shapeshifting


You had 2 spell levels left.
You didn't know any spells.
Your spell library contained the following spells:

 Spells                   Type           Power      Damage    Failure   Level
 Poisonous Vapours        Pois/Air       0%         N/A       52%         2
 Mephitic Cloud           Conj/Pois/Air  0%         N/A       77%         3
 Freezing Cloud           Conj/Ice/Air   0%         6-21      100%        5


Dungeon Overview and Level Annotations

Branches:
Dungeon (2/15)

Altars:
Qazlal

Annotations:
D:2 Sigmund


Innate Abilities, Weirdness & Mutations

You are a hulking beast.
Your limbs bulge with bestial killing power. (Slay +2)
You are partially covered in molten scales. (AC +2)
Spells you cast may paralyse adjacent enemies.


Message History

You barely miss Sigmund. You punch Sigmund.
Sigmund is lightly wounded.
Sigmund hits you with a +0 scythe.
You barely miss Sigmund.
Sigmund is lightly wounded.
Sigmund hits you with a +0 scythe.
You punch Sigmund!
Sigmund is moderately wounded.
You closely miss Sigmund.
Sigmund is moderately wounded.
Sigmund casts a spell at you.
You are confused.
You are too confused!
You are too confused!
You are too confused!
You're too confused to move!
Sigmund hits you with a +0 scythe!
You closely miss Sigmund.
Sigmund is moderately wounded.
Sigmund closely misses you.
You're too confused to move!
Sigmund attacks as you move away! Sigmund hits you with a +0 scythe.
* * * LOW HITPOINT WARNING * * *
Sigmund closely misses you.
You bump into the rock wall.
Sigmund completely misses you.
You bump into the rock wall.
You feel less confused. Sigmund closely misses you.
You barely miss Sigmund.
Sigmund is moderately wounded.
You closely miss Sigmund.
Sigmund is moderately wounded.
Sigmund closely misses you.
You hit Sigmund.
Sigmund is heavily wounded.
Sigmund says, "Your kind have come here before.
I understand now why.
You desire death..."
Sigmund casts a spell.
Sigmund flickers and vanishes!
Deactivating autopickup; reactivate with Ctrl-A.
You closely miss something. Something hits you!
You die...

### ..## ..# #.#.#
####.#####.# #.#
##### ......{h..#
#.##...#
####.###.##
##...#.# ##.##
##.##...#
#.###...###.####.##
#........#.## #.#
#######.#.## #.####
#.### #..... #.#
#..### ##+#
###.....


There were no monsters in sight!

Vanquished Creatures
  Robin (D:2)
  A dart slug (D:1)
  2 bats (D:1)
  An endoplasm (D:1)
  11 goblins
  4 hobgoblins
  A quokka (D:1)
  3 ball pythons (D:1)
  A frilled lizard (D:1)
  3 kobolds
  3 rats (D:1)
31 creatures vanquished.

Notes
Turn   | Place    | Note
-------+----------+-------------------------------------------
     0 | D:1      | testman the Demonspawn Shapeshifter began the quest for the
                  | Orb.
     0 | D:1      | Reached XP level 1. HP: 15/15 MP: 1/1
    28 | D:1      | Found a faded altar of an unknown god.
    45 | D:1      | Prayed at the altar of an unknown god.
    45 | D:1      | Became a worshipper of Qazlal Stormbringer
    45 | D:1      | Reached * piety under Qazlal
   243 | D:1      | Gained mutation: Spells you cast may paralyse adjacent
                  | enemies. [demonic ancestry]
   243 | D:1      | Reached XP level 2. HP: 8/21 MP: 2/2
   388 | D:1      | Reached skill level 1 in Invocations
   822 | D:2      | Reached skill level 3 in Shapeshifting
   822 | D:2      | Gained mutation: You are partially covered in molten
                  | scales. (AC +2) [demonic ancestry]
   822 | D:2      | Reached XP level 3. HP: 17/27 MP: 2/4
   824 | D:2      | Reached ** piety under Qazlal
   838 | D:2      | Noticed Robin
   845 | D:2      | Killed Robin
   953 | D:2      | Noticed Sigmund
   970 | D:2      | Slain by Sigmund

Illustrated notes

Levels and vault maps discovered:
D:1:      roderic_crop_circles_arrival_small, layout_basic,
          basic_ecumenical_altar, corexii_leaking_fountain
D:2:      cheibrodos_greedy_goblins, layout_loops_corners, uniq_jessica,
          uniq_robin, uniq_sigmund

Skill      XL: |  1  2  3 |
---------------+----------+-----
Dodging        | 2 |  2.0
Invocations    | 1 |  1.8
Shapeshifting  | 3 |  3.0
Fighting       | 2 |  2.1
Unarmed Combat | |  2.6

Action                     || total
---------------------------++-------
  Melee: Unarmed           ||    91
         Punch             ||     1
 Armour: Animal skin       ||    12
  Dodge: Dodged            ||    53
  Block: Other             ||     3

Table legend: (Time is in decaauts)
 A = Elapsed time spent in this place.
 B = Non-inter-level travel time spent in this place.
 C = Inter-level travel time spent in this place.
 D = Time resting spent in this place.
 E = Time spent auto-exploring this place.
 F = Levels seen in this place.
 G = Mean time per level.
                   A        B        C        D        E       F      G
               +--------+--------+--------+--------+--------+-----+--------+
         Total |    964 |    929 |     35 |      0 |    759 |   2 |  482.0 |
       Dungeon |    964 |    929 |     35 |      0 |    759 |   2 |  482.0 |
               +--------+--------+--------+--------+--------+-----+--------+

Top non-repeatable levels by time:
     D:1: 769 daAuts
     D:2: 194 daAuts
